 Dungeon Crawl Stone Soup version 0.17-a0-1910-g4c791fa (webtiles) character file.

39 mcbry74 the Charmwright (level 3, -5/24 HPs)
             Began as a High Elf Skald on Sept 25, 2015.
             Killed from afar by Sigmund (6 damage)
             ... with a wand of frost
             ... on level 2 of the Dungeon.
             The game lasted 00:09:45 (1840 turns).

mcbry74 the Charmwright (High Elf Skald)            Turns: 1840, Time: 00:09:46

Health: -5/24      AC:  4    Str: 11    XL:     3   Next: 26%
Magic:  3/8        EV: 10    Int: 17    God:
Gold:   66         SH:  3    Dex: 14    Spells: 3 memorised, 2 levels left

rFire  . . .     SeeInvis .     a - +0 falchion
rCold  . . .     Clarity  .     b - +0 leather armour
rNeg   . . .     SustAt   .     f - +0 buckler
rPois  .         Gourm    .     (no helmet)
rElec  .         Spirit   .     r - +0 cloak
rCorr  .         Warding  .     (no gloves)
rMut   .         Stasis   .     (no boots)
MR     .....                    (no amulet)
Stlth  +.........               (no ring)
                                (no ring)

@: shrouded, infused, singing, not resistant to hostile enchantments, very
unstealthy
A: no striking features
a: Stop Singing


You were on level 2 of the Dungeon.
You were not hungry.

You visited 1 branch of the dungeon, and saw 2 of its levels.

You collected 66 gold pieces.

Inventory:

Hand weapons
 a - a +0 falchion (weapon)
 g - a +0 short sword of holy wrath
Armour
 b - a +0 leather armour (worn)
 f - a +0 buckler (worn)
 r - a +0 cloak (worn)
Jewellery
 h - a cursed ring of teleportation {unknown}
Scrolls
 n - a scroll of teleportation
 q - a scroll of magic mapping {unknown}
Potions
 e - a potion of haste
 i - a potion of ambrosia {unknown}
 j - a potion of lignification {unknown}
 k - a potion of poison {unknown}
 l - a potion of agility {unknown}
 o - a potion of brilliance {unknown}
Books
 c - a book of Battle

   Spells                             Type                      Level
   a - Infusion                       Charms                       1
   b - Shroud of Golubria             Charms/Translocation         2
   c - Song of Slaying                Charms                       2
   d - Spectral Weapon                Hexes/Charms                 3
   e - Regeneration                   Charms/Necromancy            3
Comestibles
 d - 2 bread rations
 m - a slice of pizza
 p - 4 chunks of flesh


   Skills:
 + Level 2.2 Fighting
 + Level 2.8 Long Blades
 + Level 1.0 Armour
 + Level 1.3 Dodging
 + Level 2.9 Spellcasting
 + Level 4.4 Charms


You had 2 spell levels left.
You knew the following spells:

 Your Spells              Type           Power        Failure   Level  Hunger
a - Infusion              Chrm           ###...       8%          1    None
b - Song of Slaying       Chrm           ###.....     12%         2    ##.....
c - Shroud of Golubria    Chrm/Tloc      ##........   28%         2    ##.....


Dungeon Overview and Level Annotations

Branches:
Dungeon (2/15)

Altars:

Annotations:
D:2 Sigmund


Message History

Sigmund casts a spell at you. The puff of flame hits you!
Casting: Infusion
Confirm with . or Enter, or press ? or * to list all spells.
You start singing a song of slaying.
Sigmund casts a spell at you. The puff of flame hits you!
Casting: Song of Slaying
Confirm with . or Enter, or press ? or * to list all spells.
Space distorts slightly along a thin shroud covering your body.
Sigmund gestures at you while chanting. The magic dart hits you!
Casting: Shroud of Golubria
Confirm with . or Enter, or press ? or * to list all spells.
You begin infusing your attacks with magical energy.
Sigmund zaps a wand.
The puff of frost misses you.
It is a wand of frost.
Sigmund zaps a wand.
The puff of frost hits you!
* * * LOW HITPOINT WARNING * * *
Sigmund zaps a wand.
The puff of frost hits you!
You die...

#. #.##.# #.###
#.## #.##.# #.# #
..###.##.#####>#
#.##...........#
#.#.....#.######
#...P...#.#
#...P♣..#.########
#.#....##........÷
#@##..## ..#######
#.##### ..# #@#
#.# ###### ...
...... ... ......
... ###### #####
.... ####


You could see Sigmund.

Vanquished Creatures
  A worm (D:1)
  A giant gecko (D:2)
  A ball python (D:2)
  4 bats (D:1)
  4 giant cockroaches (D:1)
  4 goblins
  5 hobgoblins (D:1)
  3 giant newts
  4 kobolds (D:1)
  6 rats
33 creatures vanquished.

Notes
Turn   | Place    | Note
--------------------------------------------------------------
     0 | D:1      | mcbry74 the High Elf Skald began the quest for the Orb.
     0 | D:1      | Reached XP level 1. HP: 14/14 MP: 4/4
   172 | D:1      | Reached skill level 4 in Charms
   471 | D:1      | Reached XP level 2. HP: 16/19 MP: 4/6
   969 | D:1      | Learned a level 2 spell: Song of Slaying
   972 | D:1      | Learned a level 2 spell: Shroud of Golubria
  1445 | D:1      | Reached XP level 3. HP: 24/24 MP: 8/8
  1753 | D:2      | Reached skill level 1 in Armour
  1834 | D:2      | Noticed Sigmund
  1839 | D:2      | HP: 1/24 [Sigmund/wand of frost (7)]
  1840 | D:2      | Killed from afar by Sigmund

Vault maps used:
D:1:      evilmike_arrival_run_for_it
D:2:      nicolae_overflow_crystal_walls, lemuel_coloured_pillars_altar,
          serial_park_tiny_1, uniq_sigmund

Action                   || total
-------------------------++-------
Melee: Falchion          ||    84
 Cast: Infusion          ||    15
       Shroud of Golubri ||     1
       Song of Slaying   ||     1
  Use: Scroll            ||     3
       Potion            ||     1
  Eat: Chunk             ||     1
       Bread ration      ||     1
